 Dungeon Crawl Stone Soup version 0.17-a0-157-g289cc6a (webtiles) character file.

5638 Kisielow the Cleaver (level 10, -3/90 HPs)
             Began as a Hill Orc Fighter on Mar 26, 2015.
             Was an Elder of Okawaru.
             Slain by a 20-headed hydra (11 damage)
             ... on level 9 of the Dungeon.
             The game lasted 00:39:11 (8858 turns).

Kisielow the Cleaver (Hill Orc Fighter)             Turns: 8858, Time: 00:39:12

Health: -3/90      AC: 17    Str: 23    XL:     10   Next: 74%
Magic:  9/9        EV:  6    Int:  8    God:    Okawaru [****..]
Gold:   544        SH: 12    Dex: 10    Spells: 0 memorised, 9 levels left

rFire  . . .     SeeInvis +     a - +1 war axe
rCold  . . .     Clarity  +     J - +0 plate armour
rNeg   . . .     SustAb   .     c - +0 shield
rPois  .         Gourm    .     (no helmet)
rElec  .         Spirit   .     A - +0 cloak
rCorr  +         Warding  .     r - +1 pair of gloves
rMut   .         Stasis   .     (no boots)
MR     +....                    K - amulet of resist corrosion
Stlth  ..........               v - ring of see invisible
                                q - ring of protection from magic

@: very slightly contaminated, hasted, very quick, somewhat resistant to hostile
enchantments, extremely unstealthy
A: blurry vision 1, clarity, low mp 1
a: Heroism, Renounce Religion


You were on level 9 of the Dungeon.
You worshipped Okawaru.
Okawaru was greatly pleased with you.
You were hungry.

You visited 2 branches of the dungeon, and saw 11 of its levels.
You also visited: Ossuary.

You collected 544 gold pieces.

Inventory:

Hand weapons
 a - a +1 war axe (weapon)
Armour
 c - a +0 shield (worn)
 n - a +0 leather armour of fire resistance
 r - a +1 pair of gloves (worn)
 A - a +0 cloak (worn)
 J - a +0 plate armour (worn)
Jewellery
 q - a ring of protection from magic (left hand)
 v - a ring of see invisible (right hand)
 w - a +1 ring of evasion
 z - a cursed +3 ring of intelligence
 K - an amulet of resist corrosion (around neck)
Magical devices
 o - a wand of lightning (0)
 y - a wand of confusion (22)
 B - a wand of paralysis (8)
 D - a wand of hasting (3)
 G - a wand of slowing (17)
 H - a wand of confusion (21)
Scrolls
 b - 2 scrolls of magic mapping
 j - 2 scrolls of enchant armour
 l - 3 scrolls of teleportation
 p - a scroll of blinking
 t - 3 scrolls of fog
 E - 2 scrolls of fear
Potions
 e - a potion of lignification
 f - 2 potions of restore abilities
 g - 2 potions of brilliance
 i - 4 potions of curing
 k - 2 potions of agility
 s - 2 potions of cancellation
 x - a potion of flight
 C - a potion of might
Books
 u - a book of Geomancy

   Spells                             Type                      Level
   a - Sandblast                      Earth                        1
   b - Stoneskin                      Transmutation/Earth          2
   c - Passwall                       Transmutation/Earth          3
   d - Stone Arrow                    Conjuration/Earth            3
   e - Petrify                        Transmutation/Earth          4
   f - Lee's Rapid Deconstruction     Earth                        5
 M - a book of Party Tricks

   Spells                             Type                      Level
   a - Summon Butterflies             Summoning                    1
   b - Apportation                    Translocation                1
   c - Tukima's Dance                 Hexes                        3
   d - Alistair's Intoxication        Transmutation/Poison         4
   e - Invisibility                   Hexes                        6
Miscellaneous
 P - a phial of floods
Comestibles
 d - 4 meat rations
 h - 11 fruits
 m - 11 bread rations
 I - 6 beef jerkies
 O - 3 chunks of flesh


   Skills:
 * Level 8.8 Fighting
 * Level 11.5 Axes
 * Level 8.9 Armour
 * Level 9.7 Shields


You had 9 spell levels left.
You didn't know any spells.

Dungeon Overview and Level Annotations

Branches:
Dungeon (10/15)            Temple (1/1) D:5            Lair (0/8) D:8
    Orc: D:9-12

Altars:
Ashenzari
Cheibriados
Dithmenos
Elyvilon
Fedhas
Gozag
Kikubaaqudgha
Makhleb
Nemelex Xobeh
Okawaru
Qazlal
Ru
Sif Muna
Trog
Vehumet
Xom
Yredelemnul
Zin
The Shining One


Innate Abilities, Weirdness & Mutations

Scrolls take you a little longer to read.
You possess an exceptional clarity of mind.
Your magical capacity is low (-10% MP).


Message History

The 20-headed hydra bites you but does no damage. x2
The 20-headed hydra barely misses you. The 20-headed hydra bites you.
The 20-headed hydra bites you. You block the 20-headed hydra's attack.
The 20-headed hydra bites you but does no damage.
The 20-headed hydra bites you.
* * * LOW HITPOINT WARNING * * *
Drink which item? (? for menu, Esc to quit)
You feel yourself speed up. The 20-headed hydra bites you!
* * * LOW HITPOINT WARNING * * *
The 20-headed hydra bites you but does no damage.
You block the 20-headed hydra's attack.
The 20-headed hydra bites you but does no damage.
The 20-headed hydra barely misses you. The 20-headed hydra bites you.
* * * LOW HITPOINT WARNING * * *
The 20-headed hydra bites you.
* * * LOW HITPOINT WARNING * * *
You block the 20-headed hydra's attack.
The 20-headed hydra bites you but does no damage.
The 20-headed hydra bites you!
You die...

#######################
#.......##.............
#.......##.............
#.<.....##.............
#.......##.............
#.......##.............
#.......##............. .
#.......##.............
#..####.....@D...............
#............................
#............##...####.......
#............##...# #.......
#............##...# #.......
#............##...# #.......
.............##...# #.......
.............##...# #.......
.............##..............


You could see a 20-headed hydra.

Vanquished Creatures
  A troll (D:9)
  A trapdoor spider (D:9)
  2 hungry ghosts
  A deep elf mage (D:9)
  3 water moccasins
  2 phantoms
  2 wasps
  2 orc warriors (D:7)
  2 sky beasts
  2 ice beasts
  4 centaurs
  A crocodile (D:8)
  6 ogres
  Duvessa (D:8)
  A water moccasin zombie (D:5)
  2 giant frogs
  3 killer bees (D:9)
  2 scorpions
  The ghost of Antondotnet the Skirmisher, a weakling DsAK of Lugonu (D:4)
  3 wights (D:7)
  5 goliath beetles
  An orc priest (D:9)
  9 crimson imps
  Dowan (D:8)
  A centaur zombie (Ossuary)
  A centaur skeleton (D:5)
  2 jellies
  3 human zombies (Ossuary)
  Crazy Yiuf (D:6)
  7 hounds
  5 iguanas
  3 giant frog skeletons
  4 orc wizards
  4 worker ants
  A big kobold zombie (Ossuary)
  A sky beast zombie (D:6)
  5 hound zombies
  Terence (D:3)
  4 mummies
  13 adders
  A worker ant zombie (D:7)
  A gnoll (D:7)
  3 giant mites
  8 shadow imps
  A white imp (D:9)
  3 worms
  2 adder skeletons
  5 adder zombies
  21 orcs
  A bat zombie (D:7)
  8 giant cockroaches
  16 hobgoblins
  11 jackals
  23 kobolds
  2 ball pythons
  9 bats
  3 giant geckos
  A giant gecko skeleton (D:4)
  A giant gecko zombie (D:5)
  5 giant newts
  A giant spore (D:6)
  13 goblins
  A goblin zombie (Ossuary)
  4 hobgoblin zombies (Ossuary)
  6 jackal zombies (Ossuary)
  3 kobold zombies (Ossuary)
  An orc zombie (Ossuary)
  3 quokkas
  2 quokka zombies (Ossuary)
  9 rats
  A rat skeleton (D:5)
  6 rat zombies (Ossuary)
  3 ballistomycetes (D:6)
292 creatures vanquished.

Notes
Turn   | Place    | Note
--------------------------------------------------------------
     0 | D:1      | Kisielow, the Hill Orc Fighter, began the quest for the Orb.
     0 | D:1      | Reached XP level 1. HP: 19/19 MP: 1/1
   162 | D:1      | Reached XP level 2. HP: 24/27 MP: 2/2
   810 | D:1      | Reached skill level 4 in Fighting
   810 | D:1      | Reached XP level 3. HP: 14/33 MP: 3/3
  1418 | D:2      | Found a sacrificial altar of Ru.
  1588 | D:3      | Reached XP level 4. HP: 33/40 MP: 4/4
  1731 | D:4      | Noticed Antondotnet's ghost (weakling DsAK)
  1908 | D:3      | Noticed Terence
  1918 | D:3      | Killed Terence
  2293 | D:4      | Reached XP level 5. HP: 30/47 MP: 5/5
  2458 | D:5      | Entered Level 5 of the Dungeon
  2626 | D:4      | Reached XP level 6. HP: 48/53 MP: 6/6
  2626 | D:4      | Killed Antondotnet's ghost
  2626 | D:4      | Reached skill level 5 in Armour
  2787 | D:4      | Noticed an ogre
  2805 | D:4      | Killed an ogre
  2824 | D:4      | Reached skill level 5 in Shields
  2938 | D:5      | Noticed an ice beast
  2952 | D:4      | Killed an ice beast
  2952 | D:4      | Reached skill level 5 in Fighting
  2952 | D:4      | Reached skill level 6 in Armour
  2952 | D:4      | Reached XP level 7. HP: 20/61 MP: 7/7
  3370 | D:5      | Found a staircase to the Ecumenical Temple.
  3374 | Temple   | Entered the Ecumenical Temple
  3487 | Temple   | Became a worshipper of Warmaster Okawaru
  3706 | D:5      | Reached skill level 5 in Axes
  3950 | D:5      | Noticed a centaur
  3958 | D:5      | Killed a centaur
  3958 | D:5      | Acquired Okawaru's first power
  3977 | D:5      | Reached XP level 8. HP: 59/68 MP: 8/8
  4569 | D:6      | Noticed Crazy Yiuf
  4581 | D:6      | Killed Crazy Yiuf
  4977 | D:6      | Reached skill level 7 in Axes
  5329 | D:6      | Reached XP level 9. HP: 61/78 MP: 9/9
  5393 | D:6      | Reached skill level 8 in Axes
  5949 | D:8      | Found a sand-covered staircase.
  5962 | Ossuary  | Entered an ossuary
  6158 | Ossuary  | Reached skill level 9 in Axes
  6785 | D:7      | Reached skill level 10 in Axes
  6819 | D:7      | Gained mutation: You possess an exceptional clarity of mind. [mutagenic meat]
  6820 | D:7      | Gained mutation: Your magical capacity is low (-10% MP). [mutagenic meat]
  6821 | D:7      | Gained mutation: Scrolls take you a little longer to read. [mutagenic meat]
  6901 | D:7      | Reached XP level 10. HP: 73/88 MP: 9/9
  7521 | D:8      | Paralysed by a wasp for 3 turns
  7624 | D:8      | Found a staircase to the Lair.
  7906 | D:8      | Noticed Dowan
  7907 | D:8      | Noticed Duvessa
  7965 | D:8      | Killed Dowan
  7983 | D:8      | Killed Duvessa
  7983 | D:8      | Reached skill level 11 in Axes
  8244 | D:10     | Entered Level 10 of the Dungeon
  8812 | D:9      | Noticed a seven-headed hydra
  8858 | D:9      | Slain by a 20-headed hydra

Action                   |  1- 3 |  4- 6 |  7- 9 | 10-12 || total
-------------------------+-------+-------+-------+-------++-------
Melee: War axe           |   120 |   148 |   700 |   303 ||  1271
Invok: Heroism           |       |       |     5 |     2 ||     7
Evoke: Wand              |       |       |       |     9 ||     9
  Use: Potion            |     3 |     2 |     3 |     1 ||     9
       Scroll            |     4 |    10 |    11 |     4 ||    29
 Stab: Paralysed         |       |       |       |    17 ||    17
  Eat: Chunk             |     2 |     4 |    19 |     2 ||    27
       Meat ration       |       |       |       |     1 ||     1
